cohdb
Replays
Latest Replays
All Replays
Popular Replays
Top Player Replays
Match Explorer
How It Works
Community
CoH3 Stats
Reddit
Sign in to upload your games and track your stats! →
Sign in with Steam
Match 41326125
Unlisted
Match 41326125
Overview
Messages
Build Orders
End
Royal Engineer Section
Construct Section Command Post
Selects Air and Sea Battlegroup
Dingo Light Scout Car
Vickers Machine Gun Team
Infantry Section
Construct Platoon Command Post
Selects Supply Surplus
Selects Commando Section Paradrop
Commando Section Paradrop
Commando Section Paradrop
Selects Commando Support Section Paradrop
Selects Supply Surplus
Construct Resource Cache
Construct Resource Cache
Construct Company Command Post
Matilda II Heavy Tank
Selects Incendiary Bombing Run
Construct Resource Cache
Construct Resource Cache
Construct Resource Cache
Construct Resource Cache
Selects UNKNOWN (223837)
Unlock M3 Grant Medium Tanks
Incendiary Bombing Run
M3 Grant Medium Tank
Incendiary Bombing Run
M3 Grant Medium Tank
M3 Grant Medium Tank
Royal Engineer Section
M3 Grant Medium Tank
Commando Support Section Paradrop
Armored Vehicle Training
Incendiary Bombing Run
BloodSpark
Cons01
[MM] Mircin
Noch
Be.Nice
Skibidi Rizzler
Lero
A Quick Workaround
0
0
Comments
sign in to comment!
No comments posted yet!